 Dungeon Crawl Stone Soup version 0.30.0-29-ga12c61a403 (webtiles) character file.

Game seed: 12832315994641294629

2978 safid the Frost Mage (level 9, 0/67 (74) HPs)
             Began as a Merfolk Ice Elementalist on June 14, 2023.
             Was a Believer of Vehumet.
             Slain by a wight
             ... wielding a +2 war axe
              (1 damage)
             ... on level 8 of the Dungeon.
             The game lasted 00:14:34 (6907 turns).

safid the Frost Mage (Merfolk Ice Elementalist)     Turns: 6907, Time: 00:14:35

HP:   0/67 (74)     AC:  6    Str: 11    XL:     9   Next: 82%
MP:   15/19         EV:  5    Int: 18    God:    Vehumet [**....]
Gold: 358           SH: 26    Dex: 14    Spells: 10/22 levels left

rFire   + . .        p - +2 whip (venom)
rCold   . . .        C - +18 shield of the Gong {Loud rN+ Will+ rCorr EV-5}
rNeg    + . .        f - +0 troll leather armour {Pargi}
rPois   .            g - +0 helmet
rElec   .            n - +0 cloak
rCorr   +            (no gloves)
SInv    +            (no boots)
Will    +....        (no amulet)
Stlth   ++           h - ring of see invisible
HPRegen 1.11/turn    B - ring "Jaloeces" {rF+ Str+2}
MPRegen 0.16/turn

%: no passive effects
@: weakened, freezing walls, drained
A: (nimble swimmer 2), mertail
a: Renounce Religion


You were on level 8 of the Dungeon.
You worshipped Vehumet.
Vehumet was pleased with you.
You visited 2 branches of the dungeon, and saw 9 of its levels.
You also visited: Sewer and Ossuary.

You collected 423 gold pieces.
You spent 65 gold pieces at shops.

Inventory:

Hand Weapons
 p - a +2 whip of venom (weapon)
 v - a +0 whip of venom
Armour
 a - the +1 robe of the Solstice {Rampage rC+ Dex+3}
   (You found it on level 6 of the Dungeon)

   Dex:       It affects your dexterity (+3).
   rC:        It protects you from cold.
   Rampage:   It bestows one free step when moving towards enemies.
 f - a +0 troll leather armour (worn) {Pargi}
 g - a +0 helmet (worn)
 n - a +0 cloak (worn)
 C - the +18 shield of the Gong (worn) {Loud rN+ Will+ rCorr EV-5}
   (You found it on level 7 of the Dungeon)

   Loud:      It is deafeningly noisy when blocking attacks.
   EV:        It affects your evasion (-5).
   rN:        It protects you from negative energy.
   rCorr:     It protects you from acid and corrosion.
   Will:      It increases your willpower.
Jewellery
 h - a ring of see invisible (left hand)
 B - the ring "Jaloeces" (right hand) {rF+ Str+2}
   (You found it on level 5 of the Dungeon)

   [ring of protection from fire]

   Str:       It affects your strength (+2).
   rF:        It protects you from fire.
Wands
 i - a wand of iceblast (9)
 x - a wand of paralysis (9)
 D - a wand of acid (7)
Scrolls
 k - 4 scrolls of blinking
 l - 3 scrolls of teleportation
 m - a scroll of magic mapping {unknown}
 q - 4 scrolls of enchant weapon
 r - 2 scrolls of silence {unknown}
 t - a scroll of fog {unknown}
 y - a scroll of brand weapon {unknown}
 F - 2 scrolls of fear {unknown}
 G - a scroll of enchant armour {unknown}
 H - 2 scrolls of poison {unknown}
Potions
 b - 2 potions of magic
 c - 2 potions of degeneration {unknown}
 d - 8 potions of curing
 e - 5 potions of mutation {unknown}
 o - 3 potions of flight {unknown}
 s - 2 potions of resistance {unknown}
 u - a potion of haste {unknown}
 w - 3 potions of might {unknown}
 z - 4 potions of lignification {unknown}
 A - 2 potions of brilliance {unknown}
 E - a potion of ambrosia {unknown}
 I - a potion of invisibility {unknown}


   Skills:
 + Level 8.1 Fighting
 - Level 2.6 Dodging
 - Level 2.1 Stealth
 + Level 2.6 Shields
 + Level 7.1 Spellcasting
 + Level 9.3 Ice Magic


You had 10 spell levels left.
You knew the following spells:

 Your Spells              Type           Power      Damage    Failure   Level
a - Freeze                Ice            100%       1d10      1%          1
b - Frozen Ramparts       Ice            80%        1d13      4%          3
c - Ozocubu's Armour      Ice            40%        N/A       4%          3
d - Freezing Cloud        Conj/Ice/Air   8%         6-21      99%         5

Your spell library contained the following spells:

 Spells                   Type           Power      Damage    Failure   Level
 Scorch                   Fire           12%        2d5       67%         2
 Magic Dart               Conj           24%        1d4       52%         1
 Necrotise                Necr           24%        1d5       52%         1
 Summon Ice Beast         Ice/Summ       23%        N/A       65%         4
 Poisonous Vapours        Pois/Air       12%        N/A       67%         2
 Searing Ray              Conj           12%        2d4       67%         2
 Mephitic Cloud           Conj/Pois/Air  6%         N/A       88%         3
 Vampiric Draining        Necr           6%         2d6       88%         3
 Volatile Blastmotes      Fire/Tloc      12%        2d11      88%         3
 Fulminant Prism          Conj/Hex       3%         3d5       99%         4
 Iskenderun's Mystic Bla  Conj/Tloc      6%         2d4       99%         4
 Agony                    Necr           6%         N/A       100%        5
 Lee's Rapid Deconstruct  Erth           3%         3d5*      100%        5


Dungeon Overview and Level Annotations

Branches:
Dungeon (8/15)             Temple (1/1) D:5           Sewer (visited)
Ossuary (visited)
   Lair: D:8-11

Altars:
Ashenzari
Cheibriados
Elyvilon
Fedhas
Gozag
Hepliaklqana
Kikubaaqudgha
Makhleb
Nemelex Xobeh
Okawaru
Qazlal
Ru
Sif Muna
Trog
Uskayaw
Vehumet
Wu Jian
Xom
Yredelemnul
Zin
The Shining One

Shops:
D:2 !


Innate Abilities, Weirdness & Mutations

((You are very nimble when in or above water. (Stealth+, EV+, Speed+++)))
Your lower body shifts to a powerful aquatic tail in water.


Message History

Unknown command.
Unknown command.
Unknown command.
Unknown command.
Unknown command.
Unknown command.
Unknown command.
Unknown command.
Unknown command.
You hit the wight.
The wight is almost destroyed.
The wall freezes the wight but does no damage.
The wight hits you with a +2 battleaxe of freezing!
* * * LOW HITPOINT WARNING * * *
The wight freezes you.
* * * LOW HITPOINT WARNING * * *
The wight hits you with a +0 dagger.
* * * LOW HITPOINT WARNING * * *
The wight resists.
The wall freezes the wight.
The wight resists.
The wall freezes the wight.
You block the wight's attack.
GONNNNG!
The wight completely resists.
The wall freezes the wight but does no damage.
You block the wight's attack.
GONNNNG!
The wall freezes the gnoll!
The gnoll hits you from afar with a +0 halberd!
* * * LOW HITPOINT WARNING * * *
You block the gnoll's attack.
GONNNNG!
The wight completely resists.
The wall freezes the wight but does no damage.
The wight hits you but does no damage.
The gnoll bouda gazes fiercely through you!
You feel your attacks grow feeble. The wight hits you but does no damage.
The wight resists.
The wall freezes the wight.
The wight hits you with a +2 war axe!
* * * LOW HITPOINT WARNING * * *
You partially resist.
You feel drained.
You die...

#.. #.. ..
#.)
...##.)##
......).##
.....g)..##
........gzz#
.......gz@#
.......gz##
........).
###.......
#.......#
##.!...##
##...# ##.#


You could see a gnoll bouda, 4 wights, 5 gnolls and a white imp.

Vanquished Creatures
  Joseph (D:7)
  2 vault sentinels (D:7)
  Pargi (Sewer)
  An orc warrior (D:7)
  A black bear (D:5)
  2 centaurs
  An ogre (D:6)
  A phantom (D:4)
  4 elf zombies (Ossuary)
  3 bullfrogs
  4 killer bees (D:8)
  2 howler monkeys (D:8)
  A centaur zombie (Ossuary)
  A hound (D:6)
  A human zombie (Ossuary)
  3 jellies
  3 orc priests
  2 iguanas (D:6)
  5 orc wizards
  2 mummies (Ossuary)
  6 gnolls
  5 adders
  A shadow imp (D:6)
  3 white imps (D:7)
  3 worms
  An adder zombie (Ossuary)
  4 dart slugs
  20 orcs
  10 bats
  6 endoplasms
  7 giant cockroaches
  4 goblins
  5 hobgoblins
  8 jackals
  4 ball pythons
  2 frilled lizards
  2 goblin zombies
  8 hobgoblin zombies (Ossuary)
  3 jackal zombies (Ossuary)
  17 kobolds
  11 kobold zombies (Ossuary)
  6 orc zombies (Ossuary)
  6 rats
  A rat zombie (Ossuary)
184 creatures vanquished.

Notes
Turn   | Place    | Note
-------+----------+-------------------------------------------
     0 | D:1      | safid the Merfolk Ice Elementalist began the quest for the
                  | Orb.
     0 | D:1      | Reached XP level 1. HP: 13/13 MP: 3/3
   153 | D:1      | Reached XP level 2. HP: 18/20 MP: 1/5
   282 | D:1      | Reached skill level 1 in Fighting
   881 | D:2      | Reached XP level 3. HP: 26/26 MP: 4/6
  1119 | D:2      | Found Ufibok's Distillery.
  1273 | D:2      | Learned a level 3 spell: Frozen Ramparts
  1550 | D:2      | Reached skill level 5 in Ice Magic
  1550 | D:2      | Reached XP level 4. HP: 16/33 MP: 3/8
  1562 | D:2      | Learned a level 3 spell: Ozocubu's Armour
  1708 | D:2      | Bought a potion of heal wounds for 65 gold pieces
  2873 | D:4      | Reached XP level 5. HP: 39/39 MP: 6/9
  3061 | D:4      | Found a glowing drain.
  3078 | Sewer    | Entered a sewer
  3198 | Sewer    | Noticed Pargi
  3205 | Sewer    | Killed Pargi
  3206 | Sewer    | Reached XP level 6. HP: 37/47 MP: 0/11
  3758 | D:4      | Reached skill level 6 in Ice Magic
  4177 | D:5      | Entered Level 5 of the Dungeon
  4177 | D:5      | Noticed a black bear
  4186 | D:5      | Killed a black bear
  4187 | D:5      | Reached XP level 7. HP: 47/54 MP: 7/13
  4556 | D:5      | Identified the ring "Jaloeces" {rF+ Str+2}
  4579 | D:5      | Found a staircase to the Ecumenical Temple.
  4587 | Temple   | Entered the Ecumenical Temple
  4740 | Temple   | Became a worshipper of Vehumet
  5132 | D:6      | Learned a level 5 spell: Freezing Cloud
  5544 | D:6      | Reached skill level 5 in Fighting
  5589 | D:6      | Reached skill level 7 in Ice Magic
  5593 | D:6      | Identified the +1 robe of the Solstice {Rampage rC+ Dex+3}
  5918 | D:7      | Reached skill level 5 in Spellcasting
  5918 | D:7      | Reached XP level 8. HP: 51/62 MP: 9/15
  5942 | D:7      | Noticed Joseph
  5956 | D:7      | Killed Joseph
  5992 | D:7      | Reached * piety under Vehumet
  5992 | D:7      | Offered knowledge of Foxfire by Vehumet.
  6023 | D:7      | Found a sand-covered staircase.
  6051 | D:7      | Noticed a vault sentinel
  6052 | D:7      | Noticed a vault sentinel
  6067 | D:7      | Killed a vault sentinel
  6068 | D:7      | Reached skill level 8 in Ice Magic
  6070 | D:7      | Reached XP level 9. HP: 21/71 MP: 3/18
  6111 | D:7      | Killed a vault sentinel
  6177 | D:7      | Found the +18 shield of the Gong {Loud rN+ Will+ rCorr
                  | EV-5}
  6261 | Ossuary  | Entered an ossuary
  6374 | Ossuary  | Reached ** piety under Vehumet
  6374 | Ossuary  | Offered knowledge of Static Discharge by Vehumet.
  6460 | Ossuary  | Reached skill level 1 in Shields
  6494 | Ossuary  | Reached skill level 9 in Ice Magic
  6874 | D:8      | Offered knowledge of Scorch by Vehumet.
  6884 | D:8      | Paralysed by a wight for 4 turns
  6907 | D:8      | HP: 1/68 [wight/+2 war axe (7)]
  6907 | D:8      | Slain by a wight

Illustrated notes

Levels and vault maps discovered:
D:1:      roderic_dead_forest, layout_rooms, serial_forest,
          infiniplex_forest_clump_medium, infiniplex_forest_clump_small,
          infiniplex_forest_end_2, infiniplex_forest_clump_medium,
          infiniplex_forest_lined_room_, infiniplex_forest_straight_2,
          infiniplex_forest_clump_long, infiniplex_forest_straight_1,
          minmay_misc_feat_hallway
D:2:      layout_basic, serial_shops, shop, serial_bayou, serial_bayou_shore_b,
          serial_bayou_ford_a, serial_bayou_pond_b, serial_bayou_shore_a,
          serial_park_tiny_2
D:3:      layout_basic, serial_glass, glass_columns_b, glass_columns_b,
          minivault_14, hangedman_decor_points, kennysheep_big_empty_room
D:4:      layout_loops_corners, serial_glass, glass_columns_a, glass_columns_b,
          gup_sewer_entry_glass, reono_crystal_passage
D:5:      layout_cave_pools, minmay_temple_entry_water_ring, serial_park,
          serial_park_fountain, serial_park_avenue1,
          amcnicky_mini_corridor_feature
D:6:      layout_loops_ring, nicolae_elevator_lobby_asterisk
D:7:      layout_rooms, enter_ossuary_3, hellmonk_guarded_unrand_gong,
          uniq_joseph
D:8:      layout_rooms, pf_just_have_faith, solitary_fountain
Temple:   nicolae_temple_bog_church

Skill      XL: |  1  2  3  4  5  6  7  8  9 |
---------------+----------------------------+-----
Fighting       | 1 2 3 4 5 6 8 |  8.1
Ice Magic      | 5 6 7 8 9 |  9.3
Spellcasting   | 3 4 5 6 7 |  7.1
Shields        | 2 |  2.6
Dodging        | |  2.6
Stealth        | |  2.1

Action                     |  1- 3 |  4- 6 |  7- 9 || total
---------------------------+-------+-------+-------++-------
  Melee: Unarmed           |    46 |       |       ||    46
         Dagger            |    32 |    40 |       ||    72
         Whip              |       |    67 |   356 ||   423
         Punch             |       |     1 |     5 ||     6
   Cast: Freeze            |    53 |    37 |     4 ||    94
         Frozen Ramparts   |       |     6 |    25 ||    31
         Ozocubu's Armour  |       |     4 |    10 ||    14
    Use: Scroll            |       |       |     7 ||     7
         Potion            |       |       |     3 ||     3
   Stab: Sleeping          |     3 |     5 |     1 ||     9
         Distracted        |       |       |     1 ||     1
 Armour: Robe              |    45 |    31 |       ||    76
         Troll leather arm |       |    26 |   145 ||   171
  Dodge: Dodged            |    72 |    94 |   121 ||   287
  Block: Kite shield       |       |       |   375 ||   375
